 Dungeon Crawl Stone Soup version 0.18.1-47-g9310371 (webtiles) character file.

2867 KrisztiCat the Magician (level 9, -6/52 HPs)
             Began as a Gargoyle Earth Elementalist on June 19, 2016.
             Was a Follower of Vehumet.
             Killed by divine providence
             ... invoked by an orc priest
              (11 damage)
             ... on level 7 of the Dungeon.
             The game lasted 00:44:12 (5752 turns).

KrisztiCat the Magician (GrEE)                      Turns: 5752, Time: 00:44:13

Health: -6/52      AC: 14    Str: 13    XL:     9   Next: 75%
Magic:  13/20      EV: 12    Int: 18    God:    Vehumet [*.....]
Gold:   422        SH:  0    Dex: 10    Spells: 3 memorised, 14 levels left

rFire  + . .     SeeInvis .     b - 43 stones
rCold  + . .     Gourm    .     i - +2 leather armour {rF+}
rNeg   + . .     Faith    .     (no shield)
rPois  ∞         Spirit   .     j - +0 helmet
rElec  +         Dismiss  .     I - +0 cloak
rCorr  .         Reflect  .     g - +0 pair of gloves
SustAt .         Harm     .     (no boots)
MR     .....                    (no amulet)
Stlth  +++.......               D - ring of stealth
                                y - ring of protection from cold

@: not resistant to hostile enchantments, fairly stealthy
A: negative energy resistance 1, electricity resistance, unbreathing,
petrification resistance, rot immunity, AC +5
a: Renounce Religion


You were on level 7 of the Dungeon.
You worshipped Vehumet.
Vehumet was aware of your devotion.
You were not hungry.

You visited 2 branches of the dungeon, and saw 9 of its levels.

You collected 422 gold pieces.

Inventory:

Hand Weapons
 e - a +1 spear
 k - a +0 dagger
Missiles
 b - 43 stones (in hand)
Armour
 g - a +0 pair of gloves (worn)
 i - a +2 leather armour of fire resistance (worn)
 j - a +0 helmet (worn)
 x - a +2 shield
 I - a +0 cloak (worn)
Magical Staves
 B - an uncursed staff of poison {unknown}
Rods
 u - a +0 rod of inaccuracy (14/14)
   (You found it on level 2 of the Dungeon)
Jewellery
 y - a ring of protection from cold (left hand)
 D - a ring of stealth (right hand)
Wands
 s - a wand of flame (35/48)
Scrolls
 l - 3 scrolls of teleportation
 q - 2 scrolls of recharging
 t - a scroll of blinking
Potions
 h - 2 potions of agility
 m - a potion of flight {unknown}
 n - a potion of ambrosia {unknown}
 o - 5 potions of heal wounds
 p - a potion of might {unknown}
 v - 2 potions of curing
 A - 2 potions of brilliance {unknown}
 C - a potion of invisibility {unknown}
 F - a potion of mutation {unknown}
Books
 c - a book of Geomancy

   Spells                             Type                      Level
   a - Sandblast                      Earth                        1
   b - Passwall                       Transmutation/Earth          2
   c - Stone Arrow                    Conjuration/Earth            3
   d - Petrify                        Transmutation/Earth          4
   e - Lee's Rapid Deconstruction     Earth                        5
Comestibles
 d - 4 bread rations
 w - 3 fruits
 z - a meat ration
 E - a royal jelly
 H - a slice of pizza


   Skills:
 + Level 3.7 Fighting
 + Level 4.2 Armour
 + Level 3.1 Dodging
 - Level 2.1 Stealth
 + Level 3.8 Shields
 * Level 7.5 Spellcasting
 + Level 3.4 Conjurations
   Level 0.7 Transmutations
 + Level 7.3 Earth Magic
 + Level 3.1 Evocations


You had 14 spell levels left.
You knew the following spells:

 Your Spells              Type           Power        Failure   Level  Hunger
a - Sandblast             Erth           ####..       1%          1    None
b - Stone Arrow           Conj/Erth      ####..       4%          3    #......
c - Lee's Rapid Deconstr  Erth           ####......   21%         5    #####..


Dungeon Overview and Level Annotations

Branches:
Dungeon (8/15)             Temple (1/1) D:5
   Lair: D:8-11

Altars:
Ashenzari
Cheibriados
Dithmenos
Elyvilon
Fedhas
Gozag
Kikubaaqudgha
Nemelex Xobeh
Okawaru
Pakellas
Qazlal
Sif Muna
Trog
Vehumet
Yredelemnul
Zin
The Shining One

Shops:
D:7 :

Annotations:
D:8 Erolcha


Innate Abilities, Weirdness & Mutations

You are resistant to torment.
Your stone body is resilient (AC +5).
You are immune to poison.
You resist negative energy.
You are resistant to electric shocks.
You can survive without breathing.
You are immune to petrification.
You are immune to rotting.


Message History

The orc priest mumbles some strange prayers to Beogh against you.
Beogh smites you! Something hits you.
* * * LOW HITPOINT WARNING * * *
The orc priest hits you but does no damage.
Read which item? (? for menu, Esc to quit)
As you read the scroll of teleportation, it crumbles to dust.
You feel strangely unstable.
The orc priest mumbles some strange prayers to Beogh against you.
Beogh smites you!
* * * LOW HITPOINT WARNING * * *
Something barely misses you.
The orc priest looks braver for a moment.
The orc priest invokes the aid of Beogh against you.
The orc priest miscasts a cantrip.
Your surroundings suddenly seem different.
You start resting.
The orc wizard shouts!
The orc priest mumbles some strange prayers to Beogh against you.
Beogh smites you!
You die...

####.....##.♣P♣....P....
#.....#...♣.......♣P.
#.....##.♣......♣..P♣
#.....##♣♣...♣PP♣♣..P
****#.....# ♣....♣♣P♣♣.♣
#,,,#.#.### ♣....P♣..♣♣.
#.,,#.....# ♣...♣..♣.♣♣P
#..,####..# ♣.♣...♣♣♣♣.♣
#...####@.# ♣..♣♣♣♣♣♣.♣♣
#.......#.# ♣.♣.♣.♣♣.♣P♣
#.......#.## ♣♣♣..†PP♣P♣.
#.......#..# ♣♣♣♣...♣...♣
###...###..# ♣...♣.......
#..o###..♣♣♣P.♣.P♣.♣...
***#...+..oo.♣♣PP.♣♣♣♣P.♣.
*,,....#####.♣♣♣♣♣..♣♣♣.♣.
*,.....,,* #..♣♣♣....♣♣♣♣.


You could see an orc priest, an orc wizard and an orc.

Vanquished Creatures
  The ghost of daning the Slasher, a novice HESk (D:7)
  Grinder (D:5)
  Eustachio (D:4)
  A hippogriff (D:7)
  A steam dragon (D:7)
  Menkaure (D:4)
  The ghost of Typee the Conjurer, an amateur OpCj of Vehumet (D:3)
  A water moccasin (D:6)
  A black bear (D:6)
  A phantom (D:4)
  An ogre (D:5)
  A big kobold (D:7)
  2 giant frogs
  A scorpion (D:4)
  4 killer bees (D:7)
  2 jellies
  A howler monkey (D:5)
  A crimson imp (D:7)
  A centaur zombie (D:5)
  A hound (D:6)
  2 orc wizards
  2 orc priests
  A giant frog skeleton (D:5)
  Natasha (D:4)
  7 worker ants
  A killer bee zombie (D:6)
  Robin (D:4)
  15 gnolls
  5 adders
  A shadow imp (D:7)
  An adder zombie (D:6)
  An ooze (D:4)
  5 worms (D:2)
  2 dart slugs
  3 giant geckos
  13 orcs
  4 giant cockroaches
  14 goblins
  9 hobgoblins
  4 quokkas
  A ball python (D:3)
  8 bats
  A giant gecko skeleton (D:6)
  A giant gecko zombie (D:5)
  4 giant newts
  A jackal skeleton (D:5)
  16 kobolds
  A quokka zombie (D:5)
  6 rats
156 creatures vanquished.

Notes
Turn   | Place    | Note
--------------------------------------------------------------
     0 | D:1      | KrisztiCat the Gargoyle Earth Elementalist began the quest for the Orb.
     0 | D:1      | Reached XP level 1. HP: 10/10 MP: 3/3
   101 | D:1      | Reached XP level 2. HP: 10/15 MP: 0/5
   457 | D:1      | Reached XP level 3. HP: 18/19 MP: 2/7
   844 | D:2      | Found a stormy altar of Qazlal.
   967 | D:2      | Reached XP level 4. HP: 22/24 MP: 2/8
  1319 | D:2      | Found a glowing silver altar of Zin.
  1322 | D:2      | Found an iron altar of Okawaru.
  1325 | D:2      | Found a blossoming altar of Fedhas.
  1534 | D:3      | Found a bloodstained altar of Trog.
  1705 | D:2      | Found a shadowy altar of Dithmenos.
  1727 | D:3      | Noticed Typee's ghost (amateur OpCj)
  1738 | D:3      | Killed Typee's ghost
  1738 | D:3      | Reached skill level 5 in Earth Magic
  1738 | D:3      | Reached XP level 5. HP: 4/28 MP: 2/11
  1738 | D:3      | Reached XP level 6. HP: 5/32 MP: 2/12
  2085 | D:3      | Found a deep blue altar of Sif Muna.
  2634 | D:4      | Reached skill level 5 in Spellcasting
  2695 | D:5      | Entered Level 5 of the Dungeon
  2781 | D:4      | Noticed Menkaure
  2785 | D:4      | Killed Menkaure
  2785 | D:4      | Reached XP level 7. HP: 36/36 MP: 10/15
  2790 | D:4      | Learned a level 3 spell: Stone Arrow
  2796 | D:4      | Learned a level 5 spell: Lee's Rapid Deconstruction
  2853 | D:4      | Noticed Robin
  2864 | D:4      | Killed Robin
  2979 | D:4      | Found a bloodstained altar of Trog.
  2994 | D:4      | Noticed Eustachio
  3008 | D:4      | Killed Eustachio
  3064 | D:4      | Reached skill level 1 in Armour
  3064 | D:4      | Reached skill level 1 in Shields
  3064 | D:4      | Reached skill level 1 in Conjurations
  3178 | D:4      | Reached skill level 1 in Fighting
  3178 | D:4      | Reached skill level 1 in Evocations
  3192 | D:4      | Found a deep blue altar of Sif Muna.
  3442 | D:4      | Noticed Natasha
  3448 | D:4      | Killed Natasha
  3448 | D:4      | Reached XP level 8. HP: 43/43 MP: 13/17
  3460 | D:5      | Found a white marble altar of Elyvilon.
  3623 | D:5      | Noticed Grinder
  3632 | D:5      | Killed Grinder
  3700 | D:5      | Found a staircase to the Ecumenical Temple.
  3812 | Temple   | Entered the Ecumenical Temple
  3876 | Temple   | Became a worshipper of Vehumet
  4152 | D:5      | Found an opulent altar of Gozag.
  4292 | D:5      | Found a glowing golden altar of the Shining One.
  4299 | D:5      | Noticed an angel
  4316 | D:5      | Found a basalt altar of Yredelemnul.
  4318 | D:5      | Noticed a profane servitor
  4858 | D:7      | Found Diepo's Book Emporium.
  4924 | D:6      | Reached * piety under Vehumet
  4924 | D:6      | Offered knowledge of Sting by Vehumet.
  4924 | D:6      | Reached XP level 9. HP: 41/49 MP: 13/19
  5097 | D:7      | Noticed daning's ghost (novice HESk)
  5120 | D:7      | Killed daning's ghost
  5327 | D:8      | Found a sparkling altar of Nemelex Xobeh.
  5327 | D:8      | Noticed Erolcha
  5731 | D:7      | HP: 2/52 [orc priest/divine providence (11)]
  5752 | D:7      | Killed from afar by an orc priest

Skill      XL: |  1  2  3  4  5  6  7  8  9 |
---------------+----------------------------+-----
Earth Magic    | 4 5 6 7 |  7.3
Spellcasting   | 3 4 5 6 7 |  7.5
Armour         | 1 3 4 |  4.2
Shields        | 1 2 3 |  3.8
Conjurations   | 1 2 3 |  3.4
Fighting       | 1 2 3 |  3.7
Evocations     | 1 2 3 |  3.1
Dodging        | 2 3 |  3.1
Stealth        | |  2.1
Transmutations | |  0.7

Action                   |  1- 3 |  4- 6 |  7- 9 || total
-------------------------+-------+-------+-------++-------
Melee: Spear             |    30 |    86 |   160 ||   276
 Cast: Sandblast         |    47 |    85 |   212 ||   344
       Stone Arrow       |       |       |     1 ||     1
  Use: Scroll            |       |       |    14 ||    14
 Stab: Sleeping          |       |     1 |       ||     1
  Eat: Chunk             |       |     6 |    10 ||    16
Armor: Robe              |    13 |    61 |     8 ||    82
       Leather armour    |       |       |   150 ||   150
       Skin              |       |       |     1 ||     1
Dodge: Dodged            |    34 |    93 |   185 ||   312
